AoeStats
← lex

Arena

509267517Analyzed
3v3 RM · 6d ago on Sep 26, 2026· 35m 7s· 6 players
Game mode
Random Map
Map size
Normal (6 player)
Population
200
Speed
Normal
Resources
Standard
Victory
Conquest
Starting age
Dark Age
Ending age
Imperial Age
RankedLock teamsTeams togetherTeam positionsShared explorationLock speedFull tech treeHidden civsTurbo modeCheats
Victory
Defeat
🇷🇺 Spanish · Russia
1171
+16
🇲🇴 Persians · Macao SAR China
1168
+16
🇨🇳 Turks · China
1143
+17
🇲🇽 Danes · Mexico
1258
-20
🇲🇽 Saxons · Mexico
1165
-16
🇲🇽 Varangians · Mexico
1075
-13
jose_dreamer
0:43 Loom
3:47 Loom
10:07 Feudal Age
14:56 Castle Age
13:30 Double-Bit Axe
13:27 Horse Collar
22:35 Heavy Plow
24:43 Bow Saw
25:20 Gold Mining
28:16 Wheelbarrow
30:27 Imperial Age
29:06 Gold Shaft Mining
29:04 Bloodlines
28:54 Husbandry
29:51 Hand Cart
30:17 Forging
30:41 Stone Mining
30:48 Elite Skirmisher
31:34 Thumb Ring
31:55 Conscription
31:01 Cavalier
31:15 Pikeman
33:21 Iron Casting
32:47 Scale Mail Armor
32:33 Halberdier
33:45 Gambesons
34:06 Fletching
34:43 Squires
35:03 Chain Mail Armor
36:20 Two-Man Saw
35:53 Crop Rotation
Varrtrix
10:43 Feudal Age
12:15 Double-Bit Axe
14:52 Castle Age
13:36 Horse Collar
16:05 Bow Saw
23:11 Wheelbarrow
22:42 Fletching
23:21 Town Watch
23:55 Gold Mining
28:41 Imperial Age
26:55 Loom
29:35 Hand Cart
28:51 Elite Skirmisher
Darken Drache
1:09 Loom
10:16 Feudal Age
17:33 Castle Age
15:50 Stone Mining
16:14 Double-Bit Axe
26:48 Gold Mining
27:40 Bow Saw
27:30 Horse Collar
29:43 Wheelbarrow
32:42 Imperial Age
30:55 Heavy Plow
31:32 Stone Shaft Mining
32:54 Scale Barding Armor
33:00 Forging
32:41 Fletching
西湖歌舞几时休
12:24 Feudal Age
13:39 Loom
16:18 Castle Age
17:13 Horse Collar
18:27 Double-Bit Axe
21:12 Heavy Plow
23:09 Bow Saw
25:03 Gold Mining
26:41 Wheelbarrow
27:17 Gold Shaft Mining
31:02 Imperial Age
29:09 Squires
29:12 Padded Archer Armor
29:48 Ballistics
30:59 Hand Cart
31:14 Treadmill Crane
32:25 Bombard Tower
32:44 Murder Holes
33:09 Fortified Wall
33:12 Artillery
34:12 Leather Archer Armor
35:10 Town Watch
35:24 Stone Mining
35:57 Conscription
长崎舞喜姬
9:57 Feudal Age
13:40 Castle Age
11:47 Double-Bit Axe
12:37 Horse Collar
22:08 Wheelbarrow
21:46 Gold Mining
22:56 Bow Saw
23:21 Hand Cart
26:53 Imperial Age
24:58 Scale Barding Armor
26:39 Gold Shaft Mining
25:57 Stone Mining
26:45 Husbandry
26:56 Bloodlines
27:08 Chain Barding Armor
26:58 Forging
27:07 Heavy Plow
26:36 Cavalier
28:08 Savar
29:38 Iron Casting
29:50 Stone Shaft Mining
30:58 Two-Man Saw
32:39 Blast Furnace
32:42 Plate Barding Armor
33:46 Conscription
34:15 Fletching
34:25 Padded Archer Armor
34:55 Ballistics
lex
10:53 Feudal Age
14:51 Castle Age
13:22 Loom
13:24 Double-Bit Axe
13:29 Horse Collar
13:59 Gold Mining
16:24 Bow Saw
16:44 Town Watch
18:15 Fletching
21:25 Padded Archer Armor
24:25 Bloodlines
25:14 Leather Archer Armor
26:19 Devotion
28:31 Wheelbarrow
30:14 Hand Cart
34:00 Imperial Age
32:15 Husbandry
32:55 Masonry
32:58 Heavy Plow
33:09 Stone Mining
35:42 Chemistry
35:05 Conscription
35:55 Ring Archer Armor
Connection lost

Rejoining the realm…

Still unreachable

The connection could not be restored.

Session expired

The server has moved on; the page needs a fresh start.